 Dungeon Crawl Stone Soup version 0.17-a0-2098-gf59d6bc (webtiles) character file.

256 Kidiri the Magician (level 5, 0/29 HPs)
             Began as a Deep Elf Fire Elementalist on Oct 17, 2015.
             Killed by divine providence
             ... invoked by an orc priest
              (11 damage)
             ... on level 4 of the Dungeon.
             The game lasted 00:24:51 (5279 turns).

Kidiri the Magician (Deep Elf Fire Elementalist)    Turns: 5279, Time: 00:24:51

Health: 0/29       AC:  3    Str:  5    XL:     5   Next: 92%
Magic:  11/13      EV:  7    Int: 21    God:
Gold:   174        SH:  0    Dex: 15    Spells: 4 memorised, 3 levels left

rFire  . . .     SeeInvis .     k - +1 whip
rCold  . . .     Clarity  .     g - +0 leather armour
rNeg   . . .     SustAt   .     (no shield)
rPois  .         Gourm    .     (no helmet)
rElec  .         Spirit   .     (no cloak)
rCorr  .         Warding  .     (no gloves)
rMut   .         Stasis   .     (no boots)
MR     .....                    (no amulet)
Stlth  ++........               (no ring)
                                (no ring)

@: not resistant to hostile enchantments, unstealthy
A: no striking features
a: no special abilities


You were on level 4 of the Dungeon.
You were not hungry.

You visited 1 branch of the dungeon, and saw 4 of its levels.

You collected 174 gold pieces.

Inventory:

Hand Weapons
 k - a +1 whip (weapon)
Armour
 e - a +0 ring mail
 g - a +0 leather armour (worn)
 n - a +1 shield
 q - a +0 scale mail
Scrolls
 h - 2 scrolls of remove curse
 i - a scroll of enchant weapon
 l - a scroll of amnesia
 p - a scroll of teleportation
Potions
 d - a potion of flight
 f - 2 potions of curing
 j - a potion of might
Books
 b - a book of Flames

   Spells                             Type                      Level
   a - Flame Tongue                   Conjuration/Fire             1
   b - Throw Flame                    Conjuration/Fire             2
   c - Conjure Flame                  Conjuration/Fire             3
   d - Inner Flame                    Hexes/Fire                   3
   e - Sticky Flame                   Conjuration/Fire             4
   f - Fireball                       Conjuration/Fire             5
Comestibles
 c - 3 bread rations


   Skills:
 + Level 1.0 Fighting
 + Level 0.7 Maces & Flails
 * Level 1.9 Armour
 + Level 3.2 Dodging
 + Level 3.3 Stealth
 * Level 1.4 Shields
 * Level 4.2 Spellcasting
 + Level 1.7 Conjurations
 + Level 1.6 Hexes
 + Level 3.7 Fire Magic


You had 3 spell levels left.
You knew the following spells:

 Your Spells              Type           Power        Failure   Level  Hunger
a - Flame Tongue          Conj/Fire      ###..        10%         1    None
b - Throw Flame           Conj/Fire      ###...       12%         2    #......
c - Conjure Flame         Conj/Fire      ###.....     21%         3    ###....
d - Inner Flame           Hex/Fire       ###.....     21%         3    ###....


Dungeon Overview and Level Annotations

Branches:
Dungeon (4/15)
 Temple: D:4-7

Altars:
Okawaru


Message History

You climb downwards.
The orc priest invokes the aid of Beogh against you.
Pain shoots through your body!
There is a stone staircase leading up here.
Casting: Throw Flame
Confirm with . or Enter, or press ? or * to list all spells.
Aiming: Throw Flame
Press: ? - help, Shift-Dir - straight line, f - orc priest
Aim: an orc priest, wielding a club The puff of flame hits the orc priest.
The orc priest is moderately wounded.
The orc priest calls down the wrath of Beogh upon you.
Something smites you!
The orc priest looks braver for a moment.
Unknown command.
The orc priest casts a cantrip, but nothing happens.
The orc hits you but does no damage.
The orc priest calls down the wrath of Beogh upon you.
Something smites you!
You die...

.# .# .#
.# .#####.
###.......
#.......#
#.@.....#
#.o.....#
#...o...#
#.......#
#.o.....#
#$......#
#########


You could see 2 orc priests and an orc.

Vanquished Creatures
  2 orc priests (D:3)
  A worker ant (D:3)
  9 adders
  An ooze (D:3)
  2 worms (D:3)
  2 giant geckos
  4 orcs
  7 giant cockroaches
  6 hobgoblins
  5 jackals
  14 kobolds
  2 quokkas (D:2)
  A ball python (D:3)
  3 bats
  7 giant newts
  7 goblins
  10 rats
83 creatures vanquished.

Notes
Turn   | Place    | Note
--------------------------------------------------------------
     0 | D:1      | Kidiri the Deep Elf Fire Elementalist began the quest for the Orb.
     0 | D:1      | Reached XP level 1. HP: 10/10 MP: 6/6
   321 | D:1      | Reached XP level 2. HP: 12/15 MP: 4/8
   325 | D:1      | Learned a level 2 spell: Throw Flame
   494 | D:1      | Reached skill level 1 in Armour
  1163 | D:2      | Found an iron altar of Okawaru.
  1282 | D:2      | Reached XP level 3. HP: 17/19 MP: 0/10
  1581 | D:2      | Learned a level 3 spell: Conjure Flame
  1585 | D:2      | Learned a level 3 spell: Inner Flame
  1888 | D:2      | Reached skill level 1 in Hexes
  2293 | D:2      | Reached XP level 4. HP: 24/24 MP: 5/11
  3593 | D:3      | Reached skill level 1 in Shields
  3837 | D:3      | Reached XP level 5. HP: 28/28 MP: 4/12
  4587 | D:3      | Reached skill level 4 in Spellcasting
  4941 | D:3      | Reached skill level 1 in Fighting
  5279 | D:4      | Killed from afar by an orc priest

Vault maps used:
D:1:      roderic_chinese_lattice_arrival, minivault_5, st_stairs_5
D:2:      okawaru_metal_pillars_1_2, first_bread
D:3:      minmay_misc_feat_tiny, minmay_statues_item
D:4:      grunt_temple_overflow_growth_and_decay,
          minmay_temple_entry_purple_smoke, uniq_pikel

Action                   |  1- 3 |  4- 6 || total
-------------------------+-------+-------++-------
Melee: Unarmed           |     1 |       ||     1
       Club              |     1 |       ||     1
       Whip              |    25 |    18 ||    43
 Cast: Flame Tongue      |    29 |    39 ||    68
       Throw Flame       |    27 |    55 ||    82
       Conjure Flame     |       |     3 ||     3
       Inner Flame       |       |     1 ||     1
  Use: Scroll            |     7 |     2 ||     9
       Potion            |     3 |     1 ||     4
 Stab: Sleeping          |     1 |       ||     1
  Eat: Chunk             |     5 |     5 ||    10
       Meat ration       |     1 |       ||     1
       Pizza             |       |     1 ||     1
